 Dungeon Crawl Stone Soup version 0.25-a0-578-gc91f01c39c (webtiles) character file.

Game seed: 3582131023685416454, levelgen mode: deterministic

98 Flugslaktarn the Covered (level 4, 0/42 HPs)
             Began as a Deep Dwarf Fighter on Mar 3, 2020.
             Slain by an ogre
             ... wielding a +0 giant spiked club
              (19 damage)
             ... on level 4 of the Dungeon.
             The game lasted 00:00:25 (452 turns).

Flugslaktarn the Covered (Deep Dwarf Fighter)        Turns: 452, Time: 00:00:25

Health: 0/42       AC:  8    Str: 20    XL:     4   Next: 43%
Magic:  4/4        EV:  7    Int:  9    God:
Gold:   39         SH:  9    Dex: 12    Spells: 3/3 levels left

rFire    . . .     SeeInvis .   a - +0 war axe
rCold    . . .     Gourm    .   c - +0 kite shield
rNeg     . . .     Faith    .   b - +0 scale mail
rPois    .         Spirit   .   (no helmet)
rElec    .         Reflect  .   g - +0 cloak
rCorr    .         Harm     .   (no gloves)
MR       .....                  (no boots)
Stlth    ..........             (no amulet)
HPRegen  0.00/turn              (no ring)
MPRegen  0.09/turn              (no ring)

@: non-regenerating, drained
A: damage resistance, heal wounds, sense surroundings 1, no regeneration
a: Heal Wounds


You were on level 4 of the Dungeon.
You were not hungry.

You visited 1 branch of the dungeon, and saw 4 of its levels.

You collected 39 gold pieces.

Inventory:

Hand Weapons
 a - a +0 war axe (weapon)
Armour
 b - a +0 scale mail (worn)
 c - a +0 kite shield (worn)
 g - a +0 cloak (worn)
   (You found it on level 3 of the Dungeon)
Scrolls
 h - a scroll of fog {unknown}
 i - 2 scrolls of teleportation {unknown}
Potions
 d - 2 potions of might
Comestibles
 e - 2 rations


   Skills:
 + Level 3.2(2.5) Fighting
 * Level 3.7(3.0) Axes
 + Level 3.9(3.3) Armour
 + Level 3.9(3.2) Shields


You had 3 spell levels left.
You didn't know any spells.
Your spell library was empty.

Dungeon Overview and Level Annotations

Branches:
Dungeon (4/15)
 Temple: D:4-7

Altars:


Innate Abilities, Weirdness & Mutations

You are resistant to damage.
You can heal yourself by infusing magical energy.
You passively map a small area around you.
You do not regenerate.


Message History

You hit the ogre but do no damage.
The ogre is heavily wounded.
The ogre hits you with a +0 giant spiked club!
You barely miss the ogre.
The ogre is heavily wounded.
The howler monkey hoots and howls with incredible vigour!
You block the ogre's attack.
You barely miss the ogre.
The ogre is heavily wounded.
The howler monkey hits you but does no damage.
You block the ogre's attack.
You slash the ogre!
The ogre is severely wounded.
You barely miss the howler monkey. The howler monkey barely misses you.
The ogre barely misses you. You block the howler monkey's attack.
You hit the ogre.
The ogre is almost dead.
You barely miss the howler monkey. The howler monkey hits you.
The ogre hits you with a +0 giant spiked club!!
You die...

* # *#...####### *, *
*#.......... , #####.#
#,* .*#..########
......#* ,,..##.*#..#
<# ** #.#..
#..######## .# #.#.#
#.......).., .#
######.#.###..########
.# #.<.......)Oo## .#
#.####...h@#.# .##
#.####.......# ..#
#...##.....#.# #.###
#.#........#.#
#...###...#...####.# *
* ###......##...# #.#
#...###.#####.# #.#
#..[# #.# ,..#** ..#.#
#.., .[. ,


You could see an ogre, a howler monkey and an orc.

Vanquished Creatures
  A howler monkey (D:4)
  Jessica (D:2)
  An adder (D:3)
  A dart slug (D:1)
  A leopard gecko (D:1)
  4 orcs (D:4)
  A bat (D:2)
  3 goblins (D:1)
  A hobgoblin (D:2)
  2 frilled lizards
  A kobold (D:2)
  4 rats
21 creatures vanquished.

Notes
Turn   | Place    | Note
-------+----------+-------------------------------------------
     0 | D:1      | Flugslaktarn the Deep Dwarf Fighter began the quest for the
                  | Orb.
     0 | D:1      | Reached XP level 1. HP: 20/20 MP: 1/1
   129 | D:1      | Reached XP level 2. HP: 21/27 MP: 2/2
   137 | D:2      | Noticed Jessica
   148 | D:2      | Killed Jessica
   148 | D:2      | Reached XP level 3. HP: 13/34 MP: 3/3
   409 | D:4      | Noticed an ogre
   444 | D:4      | Reached XP level 4. HP: 36/42 MP: 4/4
   452 | D:4      | Slain by an ogre

Levels and vault maps discovered:
D:1:      wheals_arrival_linesprint, layout_basic, minmay_tetromino_o4
D:2:      layout_rooms, elyvilon_altar_4, gammafunk_temple_overflow_claw,
          lemuel_blue_sif_altar, uniq_jessica
D:3:      cheibrodos_helix_gallery, layout_basic, lightli_corner_chamber,
          uniq_natasha
D:4:      layout_loops_ring, chequers_temple_overflow_statue_of_worship

Skill      XL: |  1  2 |
---------------+-------+-----
Fighting       | 3 |  3.2
Axes           | 3 |  3.7
Armour         | |  3.9
Shields        | |  3.9

Action                   |  1- 3 |  4- 6 || total
-------------------------+-------+-------++-------
Melee: War axe           |    56 |     8 ||    64
 Abil: Heal Wounds       |     2 |       ||     2
Armor: Scale mail        |    32 |     1 ||    33
Dodge: Dodged            |    22 |     4 ||    26
Block: Kite shield       |    42 |     4 ||    46

Table legend:
 A = Non-vault XP
 B = Vault XP
 C = Vault XP percentage of total XP
 D = Non-vault monster count
 E = Vault monster count
 F = Vault count percentage of total count
                 A         B        C        D         E       F
            +---------+---------+-------+---------+---------+-------
      Total |     103 |      37 |  26.4 |      20 |       1 |   4.8
            +---------+---------+-------+---------+---------+-------
        D:1 |      14 |       0 |   0.0 |       7 |       0 |   0.0
        D:2 |       7 |      37 |  84.1 |       5 |       1 |  16.7
        D:3 |      15 |       0 |   0.0 |       3 |       0 |   0.0
        D:4 |      67 |       0 |   0.0 |       5 |       0 |   0.0
            +---------+---------+-------+---------+---------+-------
